 Dungeon Crawl Stone Soup version 0.28.0-43-g3370ac3207 (webtiles) character file.

Game seed: 5403522911038704149

20 Araneus the Skirmisher (level 2, -8/24 HPs)
             Began as a Demonspawn Fighter on Mar 14, 2022.
             Mangled by Sigmund
             ... wielding a +0 scythe
              (9 damage)
             ... on level 2 of the Dungeon.
             The game lasted 00:01:12 (1149 turns).

Araneus the Skirmisher (Demonspawn Fighter)         Turns: 1149, Time: 00:01:13

Health: -8/24      AC:  6    Str: 16    XL:     2   Next: 58%
Magic:  2/2        EV:  8    Int:  9    God:
Gold:   37         SH:  0    Dex: 12    Spells: 1/1 levels left

rFire   + . .      SeeInvis .   a - +0 flail
rCold   . . .      Faith    .   c - +0 buckler
rNeg    . . .      Spirit   .   b - +0 scale mail
rPois   .          Reflect  .   (no helmet)
rElec   .          Harm     .   (no cloak)
rCorr   .          Rampage  .   (no gloves)
Will    .....                   (no boots)
Stlth   ..........              (no amulet)
HPRegen 0.08/turn               f - ring of protection from fire
MPRegen 0.08/turn               (no ring)

@: confused, mighty
A: ignite blood 1
a: no special abilities


You were on level 2 of the Dungeon.
You visited 1 branch of the dungeon, and saw 2 of its levels.

You collected 37 gold pieces.

Inventory:

Hand Weapons
 a - a +0 flail (weapon)
Armour
 b - a +0 scale mail (worn)
 c - a +0 buckler (worn)
Jewellery
 f - a ring of protection from fire (left hand)
Scrolls
 e - a scroll of summoning {unknown}
 g - 2 scrolls of identify {unknown}
 h - a scroll of torment {unknown}
 j - a scroll of vulnerability {unknown}
 k - a scroll of blinking {unknown}
Potions
 i - a potion of haste {unknown}


   Skills:
 - Level 3.0 Fighting
 + Level 2.9 Maces & Flails
 - Level 2.6 Armour
 - Level 2.6 Shields


You had one spell level left.
You didn't know any spells.
Your spell library contained the following spells:

 Spells                   Type           Power      Damage    Failure   Level
 Beastly Appendage        Tmut           0%         N/A       89%         1
 Wereblood                Tmut           0%         N/A       96%         2
 Spider Form              Tmut/Pois      0%         N/A       99%         3


Dungeon Overview and Level Annotations

Branches:
Dungeon (2/15)

Altars:

Annotations:
D:2 Sigmund


Innate Abilities, Weirdness & Mutations

Your demonic aura sometimes causes spilled blood to erupt in flames.


Message History

Sigmund the Dreaded comes into view.
He is wielding a +0 scythe.
Sigmund shouts!
You feel very mighty all of a sudden. Sigmund barely misses you.
A hobgoblin comes into view.
The hobgoblin shouts!
You barely miss Sigmund. Sigmund gestures at you while chanting.
You are confused.
You are too confused!
You are too confused!
You are too confused!
You hit Sigmund.
Sigmund is lightly wounded.
Sigmund hits you with a +0 scythe! Sigmund gestures at you while chanting.
You resist with significant effort. Sigmund hits you but does no damage.
Sigmund hits you from afar with a +0 scythe!
You bump into the rock wall.
You're too confused to move!
Sigmund casts a spell at you. The magic dart hits you.
* * * LOW HITPOINT WARNING * * *
You feel less confused. Sigmund closely misses you.
You closely miss Sigmund.
Sigmund is lightly wounded.
Sigmund points at you and mumbles some strange words.
You are confused.
You thump Sigmund!
Sigmund is moderately wounded.
Sigmund screams, "Die, monster!"
Sigmund barely misses you.
You closely miss Sigmund.
Sigmund is moderately wounded.
Sigmund hits you with a +0 scythe.
* * * LOW HITPOINT WARNING * * *
Sigmund hits you from afar with a +0 scythe!
You die...

### ..# #.#
#.# ####.#####
#g@.@....#
......##.###.#
....# #.# #.#
... ..# #.# #
#### #.# #.#
#.### ##+#
#...# ##...##
###.#


You could see Sigmund and a hobgoblin.

Vanquished Creatures
  2 ball pythons (D:1)
  3 endoplasms (D:1)
  3 goblins (D:1)
  2 hobgoblins (D:1)
  A kobold (D:1)
  A quokka (D:1)
  2 bats (D:1)
  3 rats (D:1)
17 creatures vanquished.

Notes
Turn   | Place    | Note
-------+----------+-------------------------------------------
     0 | D:1      | Araneus the Demonspawn Fighter began the quest for the Orb.
     0 | D:1      | Reached XP level 1. HP: 18/18 MP: 1/1
   296 | D:1      | Gained mutation: Your demonic aura sometimes causes spilled
                  | blood to erupt in flames. [demonic ancestry]
   296 | D:1      | Reached XP level 2. HP: 14/24 MP: 2/2
  1133 | D:2      | Noticed Sigmund
  1148 | D:2      | HP: 1/24 [Sigmund/+0 scythe (4)]
  1149 | D:2      | Mangled by Sigmund

Illustrated notes

Levels and vault maps discovered:
D:1:      lordsloth_arrival_two_stooges, layout_basic
D:2:      layout_loops_corners, uniq_sigmund, uniq_robin

Skill      XL: |  1 |
---------------+----+-----
Maces & Flails | 2 |  2.9
Fighting       | |  3.0
Armour         | |  2.6
Shields        | |  2.6

Action                   || total
-------------------------++-------
Melee: Flail             ||    49
  Use: Potion            ||     1
Armor: Scale mail        ||    20
Dodge: Dodged            ||    16
Block: Buckler           ||    12
